 Dungeon Crawl Stone Soup version 0.30-a0-851-gbd0d260d8e (console) character file.

Game seed: 13867967278568578522

102364 Banquo the Eclecticist (level 16, -10/118 HPs)
             Began as a Djinni Hedge Wizard on Mar 4, 2023.
             Was the Champion of Jiyva.
             Mangled by a ghost moth (13 damage)
             ... on level 1 of the Spider Nest on Mar 5, 2023.
             The game lasted 02:05:45 (18224 turns).

Banquo the Eclecticist (Djinni Hedge Wizard)       Turns: 18224, Time: 02:05:45

Health: -10/118    AC:  8    Str: 12    XL:     16   Next: 43%
Gold:   865        EV: 18    Int: 22    God:    Jiyva [******] SH:  5 Dex: 20

rFire   + + .      SeeInvis .    a - +11 flail {flame, rElec Dex+4 Stlth+}
rCold   + . .      Faith    .    i - +0 buckler
rNeg    . . .      Spirit   .    d - +0 troll leather armour
rPois   ∞          Reflect  .    h - +0 hat {Stlth+}
rElec   +          Rampage  .    e - +0 cloak {rCorr}
rCorr   +                        g - +3 pair of gauntlets of War {Slay+5}
Will    +++..                    (boots unavailable)
Stlth   +++++                    Y - amulet of regeneration
HPRegen 3.59/turn                y - ring of protection from cold
MPRegen 0.00/turn                C - ring of protection from cold

@: flying, slowed, very slow
A: sickness immunity, fire resistance 2, cold vulnerability 1, float, innate
caster, HP casting, extra vitality 1, claws 1, agile 1, strong-willed 2, strong
1, wild magic 3, eyeballs 1, pseudopods 2, translucent skin 2, tendrils, jelly
sensing items, jelly absorbing missiles
}: 1/15 runes: slimy
a: Renounce Religion, Oozemancy, Slimify


You were on level 1 of the Spider Nest.
You worshipped Jiyva.
Jiyva was exalted by your worship.
You visited 5 branches of the dungeon, and saw 28 of its levels.
You also visited: Bailey.

You collected 1650 gold pieces.
You spent 785 gold pieces at shops.

Inventory:

Hand Weapons
 a - the +11 flail "Arbiter" (weapon) {flame, rElec Dex+4 Stlth+}
   (You found it on level 2 of the Lair of Beasts)

   Dex:       It affects your dexterity (+4).
   rElec:     It insulates you from electricity.
   Stlth:     It makes you more stealthy.
 v - a +2 falchion
 w - a +5 flail
 x - a +1 rapier of speed
 D - a +1 broad axe of freezing
 U - a +1 scimitar of holy wrath
 W - a +2 mace of holy wrath
Missiles
 F - 9 boomerangs
Armour
 c - a +1 helmet
 d - a +0 troll leather armour (worn)
 e - a +0 cloak of preservation (worn)
 g - the +3 pair of gauntlets of War (worn) {Slay+5}
   (You acquired it on level 10 of the Dungeon)

   Slay:      It affects your accuracy & damage with ranged weapons and melee
   (+5).
 h - a +0 hat of stealth (worn)
 i - a +0 buckler (worn)
Magical Staves
 G - a staff of conjuration
Jewellery
 j - a ring of willpower
 y - a ring of protection from cold (left hand)
 A - a +4 ring of protection
 C - a ring of protection from cold (right hand)
 R - a ring of ice
 S - a ring of see invisible
 Y - an amulet of regeneration (around neck)
Wands
 u - a wand of iceblast (6)
 J - a wand of light (6)
Scrolls
 l - a scroll of enchant weapon
 n - 3 scrolls of teleportation
 q - 2 scrolls of noise
 r - a scroll of acquirement
 t - 2 scrolls of vulnerability {unknown}
 z - a scroll of fear
 E - 2 scrolls of brand weapon {unknown}
 H - 2 scrolls of identify
 I - 4 scrolls of fog {unknown}
 K - a scroll of magic mapping {unknown}
 M - 4 scrolls of blinking {unknown}
Potions
 b - 2 potions of brilliance
 f - 5 potions of mutation
 k - 11 potions of ambrosia
 m - 3 potions of curing
 o - a potion of haste
 p - 3 potions of resistance
 s - 5 potions of cancellation
 B - 5 potions of heal wounds
 Q - a potion of might
Miscellaneous
 O - a condenser vane
 P - a phantom mirror


   Skills:
 * Level 12.0 Fighting
 - Level 8.0 Maces & Flails
 - Level 5.5 Armour
 * Level 9.8 Dodging
 - Level 1.5 Stealth
 * Level 3.3 Shields
 + Level 16.5 Spellcasting


You knew the following spells:

 Your Spells              Type           Power      Damage    Failure   Level
a - Magic Dart            Conj           100%       1d8       1%          1
b - Slow                  Hex            100%       N/A       1%          1
c - Mephitic Cloud        Conj/Pois/Air  100%       N/A       1%          3
d - Leda's Liquefaction   Hex/Erth       53%        N/A       1%          4
f - Freezing Cloud        Conj/Ice/Air   53%        6-21      2%          5
g - Gell's Gravitas       Tloc           100%       N/A       1%          3
i - Call Imp              Summ           100%       N/A       1%          2
j - Arcjolt               Conj/Air       53%        1d63      2%          5
m - Summon Small Mammal   Summ           100%       N/A       1%          1
r - Searing Ray           Conj           100%       2d8       1%          2
s - Simulacrum            Ice/Necr       53%        N/A       6%          6
B - Blink                 Tloc           100%       N/A       1%          2
Your spell library was empty.

Dungeon Overview and Level Annotations

Branches:
Dungeon (15/15)            Temple (0/1) D:4            Lair (5/5) D:9
 Shoals (0/4) Lair:2       Spider (1/4) Lair:3        Slime (5/5) Lair:5
    Orc (2/2) D:10            Elf (0/3) Orc:2        Vaults (0/5) D:14
 Depths (0/4) D:15         Bailey (visited)

Altars:
Ashenzari
Elyvilon
Makhleb
Qazlal
Trog
Yredelemnul
Jiyva

Shops:
D:7 !   Orc:2 [=*((

Portals:
Ice
Cave: Spider:1

Annotations:
D:4 rock vault
Spider:1 exclusion: 2 ice statues
Slime:5 Royal Jelly


Innate Abilities, Weirdness & Mutations

You are immune to sickness and miasma.
You are immune to poison.
Your flesh is very heat resistant. (rF++)
You are vulnerable to cold. (rC-)
You float through the air rather than walking.
You learn spells naturally, not from books.
Your magical power is your life essence.
You have superior vitality. (+4 MHP)
You have sharp fingernails.
You are agile. (Dex +4, Str/Int -1)
You are highly strong-willed. (Will++)
Your muscles are strong. (Str +4, Int/Dex -1)
Your spells are much harder to cast, but much more powerful.
Your body has grown eyes which may confuse attackers. (Acc +3)
Armour fits poorly on your large pseudopods.
Your translucent skin reduces your foes' accuracy. (Stealth+)
You are covered in slimy tendrils that may disarm your opponents.
You have a small jelly attached to you that senses nearby items.
You have a small jelly attached to you that may absorb projectiles.


Message History

Electricity surges outward!
The jumping spider is heavily wounded.
The jumping spider pounces on you. The jumping spider bites you.
A jumping spider comes into view.
The jumping spider pounces on you but does no damage.
The jumping spider bites you but does no damage.
Casting: Arcjolt (dangerous; 2% risk of failure)
Confirm with . or Enter, or press ? or * to list all spells.
Electricity surges outward!
You kill the jumping spider!
The jumping spider leaps!
You struggle to detach yourself from the web.
A demonic crawler comes into view.
The jumping spider leaps!
You struggle to detach yourself from the web.
The demonic crawler hits you! The demonic crawler barely misses you.
The demonic crawler hits you!
A torpor snail comes into view.
Being near the torpor snail leaves you feeling lethargic.
You struggle to detach yourself from the web.
The demonic crawler hits you! The demonic crawler hits you.
The demonic crawler closely misses you.
The jumping spider leaps!
The demonic crawler hits you! The demonic crawler hits you.
The demonic crawler hits you!
* * * LOW HITPOINT WARNING * * *
The demonic crawler hits you.
* * * LOW HITPOINT WARNING * * *
The demonic crawler completely misses you.
The demonic crawler misses you.
The web tears apart.
A demonic crawler comes into view.
The demonic crawler hits you!
* * * LOW HITPOINT WARNING * * *
The demonic crawler misses you. The demonic crawler closely misses you.
You block the demonic crawler's attack. The demonic crawler hits you.
* * * LOW HITPOINT WARNING * * *
The demonic crawler hits you!
* * * LOW HITPOINT WARNING * * *
Something hits you!
You die...

.#..#....##.#....... .
#..#..##....#..#.#.#. #
..#.....#.#.#.#.....#.
..#.#.##†..#.#..###..
## .#.......##......#.#
...
.#.#..#.#....#.##..#...
†##..#^#....#†.#.#$..#
......##.[#..#...{#
.#.#.......#####@#.>...
..#.#.(#~~~~~ #ss.####
#.^#...~~≈~≈~ .[.##
#....~~~~###~~~~##.
..#.~~~### #≈° ..
^...~≈## #w~ ##. ##..~
# s~~ .. ..#.~ ~#~~ ..
.. .~


You could see a torpor snail and 3 demonic crawlers.

Vanquished Creatures
  Saint Roka (Orc:2)
  Gastronok (D:10)
  Kirke (D:15)
  A stone giant (D:15)
  A vampire knight (D:15)
  A dire elephant (Lair:5)
  An entropy weaver (Spider:1)
  Fannar (Orc:1)
  A yaktaur captain (D:15)
  The ghost of TimeIsEndless the Skirmisher, a journeyman TeHu of Dithmenos (D:11)
  3 hydras
  4 centaur warriors
  2 catoblepae
  4 boulder beetles
  4 two-headed ogres
  6 death yaks
  A tengu warrior (D:14)
  A deep troll shaman (Lair:5)
  Urug (Orc:2)
  3 orc high priests (Orc:2)
  3 skysharks
  2 skeletal warriors (D:13)
  Sonja (Lair:4)
  2 harpies (Lair:2)
  2 deep elf pyromancers
  A wizard (D:15)
  A necromancer (D:14)
  8 orc knights
  4 cyclopes
  A lindwurm (Lair:5)
  A wolf spider (D:15)
  4 orc sorcerers
  3 ugly things
  19 elephants
  A manticore (D:14)
  3 black mambas
  3 demonic crawlers (Spider:1)
  2 gargoyles (D:12)
  A torpor snail (Lair:5)
  A freezing wraith (D:13)
  8 cane toads
  2 unseen horrors
  A yaktaur (D:15)
  6 komodo dragons
  2 rime drakes
  A tengu conjurer (D:15)
  A queen bee (D:11)
  4 trolls
  3 meliai (D:14)
  A hornet (D:8)
  10 polar bears
  35 blink frogs
  8 dream sheep (Lair:5)
  A centaur simulacrum (D:15)
  A culicivora (Spider:1)
  A jumping spider (Spider:1)
  8 wyverns
  4 wraiths
  A shadow (D:12)
  A vampire (D:12)
  36 yaks
  A steam dragon (D:6)
  4 basilisks
  3 redbacks
  5 vampire mosquitoes
  4 wargs
  An acid dragon (D:12)
  11 water moccasins
  28 orc warriors
  2 ice beasts
  13 black bears
  6 ogres
  4 wolves (Lair:5)
  3 centaurs
  A kobold brigand (D:9)
  12 bullfrogs
  3 scorpions
  4 wights
  5 killer bees (D:11)
  7 howler monkeys
  6 electric eels
  8 jellies
  A centaur zombie (D:5)
  A gnoll bouda (D:9)
  A bullfrog zombie (D:5)
  A hound (D:5)
  20 orc priests
  A sleepcap (D:6)
  Jessica (D:2)
  3 iguanas (D:4)
  21 orc wizards
  4 hell rats (Lair:5)
  4 gnolls
  7 adders
  3 shadow imps (D:7)
  A white imp (D:8)
  A dart slug (D:2)
  77 orcs
  5 ball pythons
  4 bats
  2 endoplasms (D:1)
  4 goblins
  6 hobgoblins
  6 jackals
  5 kobolds
  2 quokkas
  6 frilled lizards
  4 rats
559 creatures vanquished.

Vanquished Creatures (collateral kills)
  A centaur warrior (D:13)
  3 death yaks (Lair:3)
  A skeletal warrior (D:13)
  An ugly thing (D:8)
  A wraith (D:10)
  2 hogs (D:15)
  An ice beast (D:8)
  A bullfrog (D:7)
  2 gnolls (D:2)
13 creatures vanquished.

Vanquished Creatures (others)
  An ugly thing (D:13)
  2 gargoyles
  An unseen horror (D:11)
  A tengu conjurer (D:14)
  3 slime creatures
  A hog (D:15)
  A bullfrog (Lair:1)
  41 jellies
  Terence (D:2)
  A sleepcap (D:6)
  2 iguanas
  2 gnolls (D:9)
  An adder (D:2)
  2 orcs (Orc:2)
  An endoplasm (D:9)
  A goblin (D:3)
  A hobgoblin (D:3)
  2 jackals (D:2)
  A kobold (D:3)
  2 quokkas (D:2)
  3 training dummies (Orc:2)
  A ball python (D:3)
  3 bats
  A frilled lizard (D:1)
  A rat (D:1)
  70 fungi
  121 plants
268 creatures vanquished.

Grand Total: 840 creatures vanquished

Notes
Turn   | Place    | Note
-------+----------+-------------------------------------------
     0 | D:1      | Banquo the Djinni Hedge Wizard began the quest for the Orb.
     0 | D:1      | Banquo set off with the following spells memorised: Magic
                  | Dart, Slow, Blink, Call Imp, Mephitic Cloud.
     0 | D:1      | Reached XP level 1. HP: 15/15 MP: 0/0
   116 | D:1      | Reached XP level 2. HP: 15/22 MP: 0/0
   379 | D:1      | Reached skill level 3 in Spellcasting
   489 | D:1      | Found a faded altar of an unknown god.
   497 | D:1      | Prayed at the altar of an unknown god.
   497 | D:1      | Became a worshipper of Jiyva Jiwiufy the Shapeless
   497 | D:1      | Reached * piety under Jiyva
   559 | D:1      | Reached XP level 3. HP: 26/26 MP: 0/0
   559 | D:1      | Learned a level 1 spell: Summon Small Mammal
   707 | D:1      | Reached skill level 1 in Fighting
  1004 | D:2      | Noticed Jessica
  1008 | D:2      | Killed Jessica
  1009 | D:2      | Reached XP level 4. HP: 32/32 MP: 0/0
  1057 | D:2      | Reached ** piety under Jiyva
  1149 | D:2      | Killed Terence
  1403 | D:3      | Reached XP level 5. HP: 38/38 MP: 0/0
  1403 | D:3      | Learned a level 2 spell: Searing Ray
  1571 | D:3      | Reached *** piety under Jiyva
  1788 | D:3      | Gained mutation: You are agile. (Dex +4, Str/Int -1)
                  | [Jiyva's grace]
  1788 | D:3      | Gained mutation: You are very agile. (Dex +8, Str/Int -2)
                  | [Jiyva's grace]
  1788 | D:3      | Gained mutation: You have a small jelly attached to you
                  | that may absorb projectiles. [Jiyva's grace]
  1788 | D:3      | Gained mutation: You are somewhat resistant to further
                  | mutation. [Jiyva's grace]
  1922 | D:4      | Reached skill level 4 in Spellcasting
  2036 | D:4      | Reached **** piety under Jiyva
  2098 | D:4      | Reached XP level 6. HP: 43/43 MP: 0/0
  2330 | D:4      | Found a staircase to the Ecumenical Temple.
  2431 | D:5      | Entered Level 5 of the Dungeon
  2489 | D:5      | Noticed an ice beast
  2505 | D:5      | Killed an ice beast
  2506 | D:5      | Reached XP level 7. HP: 42/49 MP: 0/0
  2506 | D:5      | Learned a level 3 spell: Gell's Gravitas
  2605 | D:5      | Noticed a yak
  2605 | D:5      | Noticed a yak
  2607 | D:5      | Noticed a yak
  2617 | D:5      | Reached skill level 5 in Spellcasting
  2620 | D:5      | Killed a yak
  2621 | D:5      | Killed a yak
  2629 | D:5      | Reached XP level 8. HP: 44/56 MP: 0/0
  2635 | D:5      | Killed a yak
  2636 | D:5      | Reached skill level 6 in Spellcasting
  2678 | D:5      | Reached ***** piety under Jiyva
  2798 | D:5      | Lost mutation: You are very agile. (Dex +8, Str/Int -2)
                  | [Jiyva's grace]
  2798 | D:5      | Lost mutation: You are agile. (Dex +4, Str/Int -1) [Jiyva's
                  | grace]
  2798 | D:5      | Gained mutation: Your muscles are strong. (Str +4, Int/Dex
                  | -1) [Jiyva's grace]
  2798 | D:5      | Gained mutation: Your muscles are very strong. (Str +8,
                  | Int/Dex -2) [Jiyva's grace]
  2798 | D:5      | Gained mutation: You have a pair of small horns on your
                  | head. [Jiyva's grace]
  2798 | D:5      | Gained mutation: You have a pair of horns on your head.
                  | [Jiyva's grace]
  2844 | D:5      | Found a white marble altar of Elyvilon.
  3159 | D:5      | Found a basalt altar of Yredelemnul.
  3401 | D:6      | Reached skill level 7 in Spellcasting
  3438 | D:6      | Reached XP level 9. HP: 62/62 MP: 0/0
  3438 | D:6      | Learned a level 4 spell: Leda's Liquefaction
  3553 | D:6      | Reached skill level 5 in Dodging
  3696 | D:6      | Noticed a deep elf pyromancer
  3730 | D:6      | Killed a deep elf pyromancer
  3731 | D:6      | Reached skill level 8 in Spellcasting
  4142 | D:6      | Reached skill level 5 in Fighting
  4184 | D:7      | Noticed Joseph
  4195 | D:7      | Slimified Joseph
  4195 | D:7      | Joseph changed into Joseph the slime creature
  4195 | D:7      | Noticed Joseph
  4224 | D:7      | Found a bloodstained altar of Trog.
  4225 | D:7      | Found a broken altar of Ashenzari.
  4342 | D:7      | Reached XP level 10. HP: 63/70 MP: 0/0
  4428 | D:7      | Found Zistir's Distillery.
  4984 | D:8      | Reached skill level 1 in Armour
  4984 | D:8      | Reached skill level 9 in Spellcasting
  4998 | D:8      | Found a stormy altar of Qazlal.
  5126 | D:8      | Noticed a brown ugly thing
  5261 | D:8      | Noticed a two-headed ogre
  5264 | D:8      | Killed a two-headed ogre
  5435 | D:8      | Killed a brown ugly thing
  5517 | D:8      | Lost mutation: You have a pair of horns on your head.
                  | [Jiyva's grace]
  5517 | D:8      | Lost mutation: You are somewhat resistant to further
                  | mutation. [Jiyva's grace]
  5517 | D:8      | Lost mutation: Your muscles are very strong. (Str +8,
                  | Int/Dex -2) [Jiyva's grace]
  5517 | D:8      | Gained mutation: Your rubbery body absorbs attacks. (AC +1,
                  | EV +1) [Jiyva's grace]
  5517 | D:8      | Gained mutation: Your pliable body absorbs attacks. (AC +2,
                  | EV +2) [Jiyva's grace]
  5517 | D:8      | Gained mutation: Your gelatinous body deflects attacks. (AC
                  | +3, EV +3) [Jiyva's grace]
  5517 | D:8      | Gained mutation: You are somewhat resistant to further
                  | mutation. [Jiyva's grace]
  5976 | D:9      | Noticed Prince Ribbit
  5989 | D:9      | Slimified Prince Ribbit
  5989 | D:9      | Prince Ribbit changed into Prince Ribbit the endoplasm
  5989 | D:9      | Noticed Prince Ribbit
  5991 | D:9      | Killed Prince Ribbit the endoplasm
  5997 | D:9      | Reached skill level 10 in Spellcasting
  5997 | D:9      | Reached XP level 11. HP: 51/78 MP: 0/0
  5997 | D:9      | Learned a level 5 spell: Freezing Cloud
  6266 | D:9      | Found a staircase to the Lair.
  6705 | Lair:1   | Entered Level 1 of the Lair of Beasts
  6884 | Lair:1   | Reached skill level 11 in Spellcasting
  7373 | Lair:1   | Lost mutation: You are somewhat resistant to further
                  | mutation. [Jiyva's grace]
  7373 | Lair:1   | Lost mutation: Your gelatinous body deflects attacks. (AC
                  | +3, EV +3) [Jiyva's grace]
  7373 | Lair:1   | Lost mutation: You have a small jelly attached to you that
                  | may absorb projectiles. [Jiyva's grace]
  7373 | Lair:1   | Gained mutation: You have acidic saliva. [Jiyva's grace]
  7373 | Lair:1   | Gained mutation: Your body has grown eyes which may confuse
                  | attackers. (Acc +3) [Jiyva's grace]
  7373 | Lair:1   | Gained mutation: Your body has grown many eyes which may
                  | confuse attackers. (Acc +5) [Jiyva's grace]
  7373 | Lair:1   | Gained mutation: Your body is covered in eyes which may
                  | confuse attackers. (Acc +7, SInv) [Jiyva's grace]
  7512 | Lair:1   | Reached XP level 12. HP: 86/86 MP: 0/0
  7610 | Lair:2   | Found a staircase to the Shoals.
  7645 | Lair:2   | Identified the +11 flail "Arbiter" {flame, rElec Dex+4
                  | Stlth+}
  7801 | Lair:2   | Reached skill level 1 in Maces & Flails
  7818 | Lair:2   | Noticed a skyshark
  7824 | Lair:2   | Killed a skyshark
  7833 | Lair:2   | Reached ****** piety under Jiyva
  7845 | Lair:2   | Noticed a catoblepas
  7856 | Lair:2   | Killed a catoblepas
  7857 | Lair:2   | Reached skill level 12 in Spellcasting
  7901 | Lair:2   | Found a burning altar of Makhleb.
  8509 | Lair:3   | Noticed an eight-headed hydra
  8538 | Lair:3   | Killed an eight-headed hydra
  8556 | Lair:3   | Reached XP level 13. HP: 94/94 MP: 0/0
  8556 | Lair:3   | Learned a level 5 spell: Arcjolt
  8571 | Lair:3   | Found a hole to the Spider Nest.
  8699 | Lair:3   | Reached skill level 13 in Spellcasting
  8702 | Lair:3   | Reached skill level 5 in Maces & Flails
  9329 | Lair:4   | Noticed Sonja
  9335 | Lair:4   | Killed Sonja
  9483 | Lair:4   | Lost mutation: You have a pair of small horns on your head.
                  | [Jiyva's grace]
  9483 | Lair:4   | Lost mutation: You have acidic saliva. [Jiyva's grace]
  9483 | Lair:4   | Lost mutation: Your body is covered in eyes which may
                  | confuse attackers. (Acc +7, SInv) [Jiyva's grace]
  9483 | Lair:4   | Lost mutation: Your body has grown many eyes which may
                  | confuse attackers. (Acc +5) [Jiyva's grace]
  9483 | Lair:4   | Gained mutation: Your spells are a little harder to cast,
                  | but a little more powerful. [Jiyva's grace]
  9483 | Lair:4   | Gained mutation: Your spells are harder to cast, but more
                  | powerful. [Jiyva's grace]
  9483 | Lair:4   | Gained mutation: Your spells are much harder to cast, but
                  | much more powerful. [Jiyva's grace]
  9483 | Lair:4   | Gained mutation: You passively map a small area around you.
                  | [Jiyva's grace]
 10060 | Lair:5   | Entered Level 5 of the Lair of Beasts
 10093 | Lair:5   | Reached skill level 10 in Fighting
 10132 | Lair:5   | Reached XP level 14. HP: 93/103 MP: 0/0
 10193 | Lair:5   | Reached skill level 14 in Spellcasting
 10218 | Lair:5   | Noticed a dire elephant
 10230 | Lair:5   | Killed a dire elephant
 10518 | Lair:5   | Found a staircase to the Slime Pits.
 10518 | Lair:5   | Found a viscous altar of Jiyva.
 10895 | Lair:5   | Lost mutation: You passively map a small area around you.
                  | [Jiyva's grace]
 10895 | Lair:5   | Lost mutation: Your pliable body absorbs attacks. (AC +2,
                  | EV +2) [Jiyva's grace]
 10895 | Lair:5   | Gained mutation: Your translucent skin slightly reduces
                  | your foes' accuracy. (Stealth+) [Jiyva's grace]
 10895 | Lair:5   | Gained mutation: Your translucent skin reduces your foes'
                  | accuracy. (Stealth+) [Jiyva's grace]
 10895 | Lair:5   | Gained mutation: Your transparent skin significantly
                  | reduces your foes' accuracy. (Stealth+) [Jiyva's grace]
 10895 | Lair:5   | Gained mutation: Armour fits poorly on your pseudopods.
                  | [Jiyva's grace]
 11265 | D:10     | Entered Level 10 of the Dungeon
 11287 | D:10     | Identified a scroll of acquirement
 11294 | D:10     | Found a flagged portal.
 11336 | Bailey   | Entered a bailey
 11498 | Bailey   | Acquired the +3 pair of gauntlets of War {Slay+5}
 11498 | Bailey   | Found the +3 pair of gauntlets of War {Slay+5}
 11783 | D:10     | Found a staircase to the Orcish Mines.
 12359 | Slime:1  | Entered Level 1 of the Pits of Slime
 12360 | Slime:1  | Noticed a quicksilver ooze
 12360 | Slime:1  | Noticed a rockslime
 12366 | Slime:2  | Noticed a quicksilver ooze
 12376 | Slime:2  | Noticed an azure jelly
 12376 | Slime:2  | Noticed an acid blob
 12395 | Slime:5  | Entered Level 5 of the Pits of Slime
 12409 | Slime:5  | Noticed the Royal Jelly
 12409 | Slime:5  | Noticed an acid blob
 12409 | Slime:5  | Noticed a quicksilver ooze
 12410 | Slime:5  | Found a viscous altar of Jiyva.
 12411 | Slime:5  | Noticed an acid blob
 12411 | Slime:5  | Noticed a quicksilver ooze
 12411 | Slime:5  | Noticed an azure jelly
 12414 | Slime:5  | Identified the +0 scale mail of Disaster {*Corrode Regen+
                  | Int+3}
 12415 | Slime:5  | Noticed an acid blob
 12416 | Slime:5  | Noticed an acid blob
 12416 | Slime:5  | Noticed an acid blob
 12416 | Slime:5  | Noticed an acid blob
 12417 | Slime:5  | Identified the +6 mace of Rubbish {elec, rPois Stlth+}
 12418 | Slime:5  | Noticed an acid blob
 12423 | Slime:5  | Identified the +2 hand axe "Otwaim" {flame, Will- Dex+6
                  | Stlth+}
 12423 | Slime:5  | Noticed a rockslime
 12426 | Slime:5  | Identified the +2 pair of boots of Instinct {rElec rF-
                  | Int+3}
 12427 | Slime:5  | Noticed an acid blob
 12435 | Slime:5  | Got a slimy rune of Zot
 12436 | Slime:5  | Identified the +4 sling of the Queen {heavy, rElec rCorr}
 12442 | Slime:5  | Noticed a quicksilver ooze
 12446 | Slime:5  | Identified the +7 quarterstaff of Courage {flame, Str+5}
 12515 | Slime:5  | Noticed an azure jelly
 12544 | Slime:5  | Noticed an acid blob
 12555 | Slime:5  | Noticed a rockslime
 12561 | Slime:5  | Noticed an acid blob
 12575 | Slime:5  | Noticed an acid blob
 12625 | Slime:5  | Noticed an acid blob
 12721 | Slime:3  | Noticed a quicksilver ooze
 12887 | D:11     | You are sucked into a shaft and drop 1 floor!
 12992 | D:11     | Reached XP level 15. HP: 109/109 MP: 0/0
 12992 | D:11     | Learned a level 6 spell: Simulacrum
 13172 | D:11     | Noticed TimeIsEndless's ghost (journeyman TeHu)
 13256 | D:11     | Found a transporter.
 13256 | D:11     | Found a transporter.
 13294 | D:11     | Reached skill level 15 in Spellcasting
 13295 | D:11     | Killed TimeIsEndless's ghost
 13653 | D:12     | Lost mutation: Armour fits poorly on your pseudopods.
                  | [Jiyva's grace]
 13653 | D:12     | Lost mutation: Your transparent skin significantly reduces
                  | your foes' accuracy. (Stealth+) [Jiyva's grace]
 13653 | D:12     | Gained mutation: You are covered in slimy tendrils that may
                  | disarm your opponents. [Jiyva's grace]
 13653 | D:12     | Gained mutation: You are agile. (Dex +4, Str/Int -1)
                  | [Jiyva's grace]
 13653 | D:12     | Gained mutation: You are very agile. (Dex +8, Str/Int -2)
                  | [Jiyva's grace]
 13653 | D:12     | Gained mutation: You have sharp fingernails. [Jiyva's
                  | grace]
 14308 | Orc:1    | Entered Level 1 of the Orcish Mines
 14308 | Orc:1    | Noticed Gastronok
 14318 | D:10     | Killed Gastronok
 14514 | Orc:2    | Entered Level 2 of the Orcish Mines
 14518 | Orc:2    | Noticed Urug
 14528 | Orc:2    | Killed Urug
 14608 | Orc:1    | Noticed Fannar
 14622 | Orc:1    | Killed Fannar
 14909 | Orc:2    | Found a staircase to the Elven Halls.
 15227 | Orc:2    | Noticed Saint Roka
 15228 | Orc:2    | Reached skill level 5 in Armour
 15295 | Orc:2    | Found Osu Soh's Firing Range.
 15327 | Orc:2    | Killed Saint Roka
 15639 | Orc:2    | Gained mutation: You have a pair of small antennae on your
                  | head. [a neqoxec]
 15685 | Orc:2    | Found Zoyfyd's Antique Weapon Shoppe.
 15685 | Orc:2    | Lost mutation: Your rubbery body absorbs attacks. (AC +1,
                  | EV +1) [Jiyva's grace]
 15685 | Orc:2    | Gained mutation: You have a small jelly attached to you
                  | that senses nearby items. [Jiyva's grace]
 15685 | Orc:2    | Gained mutation: You are strong-willed. (Will+) [Jiyva's
                  | grace]
 15685 | Orc:2    | Gained mutation: You are highly strong-willed. (Will++)
                  | [Jiyva's grace]
 15685 | Orc:2    | Gained mutation: You are extremely strong-willed. (Will+++)
                  | [Jiyva's grace]
 15685 | Orc:2    | Found Oleg Kesh's General Store.
 15701 | Orc:2    | Found Soper's Jewellery Shoppe.
 15701 | Orc:2    | Found Yplir's Armour Shop.
 15717 | Orc:2    | Bought a crude trident for 272 gold pieces
 15717 | Orc:2    | Identified the +5 trident of Calamity {drain, Fly} (You
                  | bought it in a shop on level 2 of the Orcish Mines)
 15721 | Orc:2    | Bought an amulet of regeneration for 450 gold pieces
 15727 | Orc:2    | Bought a +0 buckler for 63 gold pieces
 16262 | D:13     | Reached skill level 1 in Shields
 16280 | D:13     | Reached skill level 16 in Spellcasting
 16722 | D:14     | Reached XP level 16. HP: 118/118 MP: 0/0
 16813 | D:14     | Found a gate to the Vaults.
 17397 | D:15     | Entered Level 15 of the Dungeon
 17688 | D:15     | Found a staircase to the Depths.
 17691 | D:15     | Noticed Kirke
 17713 | D:15     | Killed Kirke
 18093 | Spider:1 | Entered Level 1 of the Spider Nest
 18093 | Spider:1 | Lost mutation: You have a pair of small antennae on your
                  | head. [Jiyva's grace]
 18093 | Spider:1 | Lost mutation: You are very agile. (Dex +8, Str/Int -2)
                  | [Jiyva's grace]
 18093 | Spider:1 | Lost mutation: You are extremely strong-willed. (Will+++)
                  | [Jiyva's grace]
 18093 | Spider:1 | Lost mutation: Your spells are much harder to cast, but
                  | much more powerful. [Jiyva's grace]
 18093 | Spider:1 | Gained mutation: Your spells are much harder to cast, but
                  | much more powerful. [Jiyva's grace]
 18093 | Spider:1 | Gained mutation: You have a small jelly attached to you
                  | that may absorb projectiles. [Jiyva's grace]
 18093 | Spider:1 | Gained mutation: Armour fits poorly on your pseudopods.
                  | [Jiyva's grace]
 18093 | Spider:1 | Gained mutation: Armour fits poorly on your large
                  | pseudopods. [Jiyva's grace]
 18110 | Spider:1 | Found a frozen archway.
 18224 | Spider:1 | HP: 3/118 [demonic crawler (10)]
 18224 | Spider:1 | Mangled by a ghost moth

Illustrated notes

Levels and vault maps discovered:
D:1:      erik_arrival_blinker_ship, layout_loops_ring,
          shapermc_ecumenical_altar_flowoftime
D:2:      layout_rooms, uniq_jessica, uniq_terence
D:3:      layout_basic
D:4:      layout_cave_pools, minmay_temple_entry_nine_rooms,
          lightli_corner_chamber
D:5:      layout_loops_ring, elyvilon_altar_1, lemuel_zombie_altar_yredelemnul,
          nrook_mini_vaults
D:6:      layout_basic, guppyfry_early_elven_hall
D:7:      layout_cave_pods, chequers_temple_overflow_statue_of_worship,
          serial_shops, nicolae_shop_statue_plus, chequers_decorated_corner,
          eino_curves_02, uniq_joseph
D:8:      layout_basic, kennysheep_donut, minmay_ruined_shrine
D:9:      layout_loops_ring, lair_entry_dummy, hangedman_decor_slide_cut,
          uniq_prince_ribbit1
D:10:     layout_small_grid, minmay_orc_entry_temple_small, enter_bailey_2
D:11:     layout_loops_ring, gammafunk_ghost_hive
D:12:     cheibrodos_barr_body, layout_gridville, lemuel_old_faithful
D:13:     layout_basic, serial_rivers, chequers_serial_rivers_large_a,
          chequers_serial_rivers_room_b, chequers_serial_rivers_small_a,
          chequers_serial_rivers_micro_e, chequers_serial_rivers_small_3
D:14:     layout_gridville, david_vaults_1, minmay_misc_feat_more_columns
D:15:     grunt_enter_depths_giant_problem, layout_rooms, wad_scary_box,
          uniq_kirke
Lair:1:   beast_lair_carwin_large_4, layout_loops_ring,
          infiniplex_staircase_pool_2, grunt_megastairs_5
Lair:2:   layout_misc_corridors, nicolae_shoals_entry_roost, basic_altar,
          wad_woods_road_02, minmay_holes, grunt_forest_small_clearing_treed,
          serial_bayou_shore_a
Lair:3:   layout_small_grid, spider_nest_entry_rubble, grunt_megastairs_4
Lair:4:   layout_small_grid, lemuel_fruit_tree, infiniplex_staircase_pool,
          uniq_sonja
Lair:5:   grunt_lair_end_beastmaster, layout_gridlike,
          minmay_slime_entry_pillars, grunt_megastairs_3
Spider:1: layout_spider_delve, portal_ice_cave_entry_ice_statue_two,
          worms_lemuel
Slime:1:  layout_caves
Slime:2:  layout_caves
Slime:3:  layout_caves
Slime:4:  layout_caves
Slime:5
Orc:1:    layout_caves, basic_altar, uniq_gastronok, uniq_fannar
Orc:2:    grunt_orc_tribal_feast, layout_diamond_mine,
          nicolae_shop_firing_range, uniq_urug, uniq_saint_roka

Skill      XL: |  1  2  3  4  5  6  7  8  9 10 11 12 13 14 15 16 |
---------------+-------------------------------------------------+-----
Spellcasting   | 3 4 5 7 8 10 11 12 13 14 16 | 16.5
Fighting       | 1 2 3 4 5 6 7 9 10 11 12 | 12.0
Dodging        | 3 4 5 6 8 9 |  9.8
Armour         | 3 4 5 |  5.5
Maces & Flails | 3 6 8 |  8.0
Shields        | 1 3 |  3.3
Stealth        | |  1.5

Action                     |  1- 3 |  4- 6 |  7- 9 | 10-12 | 13-15 | 16-18 || total
---------------------------+-------+-------+-------+-------+-------+-------++-------
  Melee: Dagger            |       |     1 |     1 |    16 |       |       ||    18
         Headbutt          |       |       |       |    11 |     3 |       ||    14
         Flail             |       |       |       |    21 |    52 |       ||    73
         Punch             |       |       |       |     3 |     2 |       ||     5
         Bite              |       |       |       |     2 |       |       ||     2
         Pseudopods        |       |       |       |       |     3 |       ||     3
   Cast: Magic Dart        |    75 |    79 |    43 |    65 |    64 |     7 ||   333
         Call Imp          |       |     2 |    24 |     5 |     1 |     1 ||    33
         Searing Ray       |       |     7 |    33 |    75 |    49 |    10 ||   174
         Mephitic Cloud    |       |     3 |     8 |    22 |    12 |     6 ||    51
         Summon Small Mamm |       |     5 |    24 |     8 |     2 |     2 ||    41
         Freezing Cloud    |       |       |       |    37 |   127 |    21 ||   185
         Arcjolt           |       |       |       |       |   149 |    48 ||   197
         Simulacrum        |       |       |       |       |     2 |       ||     2
         Gell's Gravitas   |       |       |       |       |       |     2 ||     2
 Invoke: Oozemancy         |       |       |     1 |     2 |       |       ||     3
         Slimify           |       |       |     1 |     1 |       |       ||     2
    Use: Scroll            |       |       |     5 |     3 |    11 |       ||    19
   Stab: Confused          |       |       |       |     1 |     4 |       ||     5
         Sleeping          |       |       |       |     3 |     3 |       ||     6
 Armour: Robe              |     4 |     7 |     3 |     1 |       |       ||    15
         Leather armour    |       |       |       |    22 |    19 |       ||    41
         Troll leather arm |       |       |       |       |    10 |    11 ||    21
         Scale mail        |       |       |       |       |     6 |       ||     6
  Dodge: Dodged            |     9 |    16 |    28 |   100 |   158 |    47 ||   358
  Block: Buckler           |       |       |       |       |     1 |    14 ||    15

Table legend: (Time is in decaauts)
 A = Elapsed time spent in this place.
 B = Non-inter-level travel time spent in this place.
 C = Inter-level travel time spent in this place.
 D = Time resting spent in this place.
 E = Time spent auto-exploring this place.
 F = Levels seen in this place.
 G = Mean time per level.
                   A        B        C        D        E       F      G
               +--------+--------+--------+--------+--------+-----+--------+
         Total |  18281 |  16393 |   1888 |    117 |  11696 |  29 |  630.4 |
       Dungeon |  11169 |   9997 |   1172 |     66 |   7550 |  15 |  744.6 |
          Lair |   4804 |   4329 |    475 |      4 |   3134 |   5 |  960.8 |
   Spider Nest |    131 |    131 |      0 |     31 |      0 |   1 |  131.0 |
    Slime Pits |    383 |    314 |     69 |      0 |    225 |   5 |   76.6 |
  Orcish Mines |   1475 |   1304 |    171 |     16 |    693 |   2 |  737.5 |
        Bailey |    316 |    316 |      0 |      0 |     94 |   1 |  316.0 |
               +--------+--------+--------+--------+--------+-----+--------+

Top non-repeatable levels by time:
  Lair:5: 1155 daAuts
     D:9: 1051 daAuts
   Orc:2: 1040 daAuts
  Lair:1: 1026 daAuts
     D:6: 993 daAuts
  Lair:3: 985 daAuts
     D:8: 888 daAuts
  Lair:2: 882 daAuts
     D:1: 853 daAuts
    D:12: 831 daAuts
     D:7: 780 daAuts
    D:10: 766 daAuts
     D:5: 766 daAuts
    D:11: 764 daAuts
    D:13: 764 daAuts
